 Dungeon Crawl Stone Soup version 0.31-a0-408-gb642c7f9a3 (webtiles) character file.

Game seed: 14252444840721840633

147292 Newt the Impaler (level 17, -7/117 HPs)
             Began as a Merfolk Gladiator on July 30, 2023.
             Was the Champion of Hepliaklqana.
             Killed from afar by a merfolk aquamancer (40 damage)
             ... with a shard of ice
             ... on level 4 of the Shoals.
             The game lasted 00:48:40 (22118 turns).

Newt the Impaler (Merfolk Gladiator)               Turns: 22118, Time: 00:48:40

Health: -7/117     AC: 12    Str: 20    XL:     17   Next: 46%
Magic:  30/30      EV: 24    Int:  9    God:    Hepliaklqana [******]
Gold:   886        SH:  7    Dex: 18    Spells: 31/34 levels left

rFire   + . .        b - +6 arbalest "Damnation" {damnation}
rCold   . . .        (shield currently unavailable)
rNeg    . . .        j - +2 robe of the Salmon {Regen+ rCorr Str+2}
rPois   .            c - +1 helmet
rElec   .            z - +0 cloak
rCorr   +            y - +1 pair of gloves
SInv    .            H - +0 pair of boots
Will    ++...        s - amulet of reflection
Stlth   +++          e - ring of the Octopus King {Fly HP+2 AC+2 EV+2 SH+2}
HPRegen 1.19/turn    F - ring of willpower
MPRegen 0.22/turn

%: reflection
@: about to teleport, wereblooded, flying
A: reduced essence, (nimble swimmer 2), mertail, fire resistance 1
a: Renounce Religion, Recall Ancestor, Ancestor Identity, Transference, Idealise


You were on level 4 of the Shoals.
You worshipped Hepliaklqana.
Hepliaklqana was exalted by your worship.
You visited 5 branches of the dungeon, and saw 26 of its levels.

You collected 2385 gold pieces.
You spent 1499 gold pieces at shops.

Inventory:

Hand Weapons
 b - the +6 arbalest "Damnation" (weapon) {damnation}
   (You found it on level 14 of the Dungeon)
 M - a +0 demon trident
 W - a +2 demon trident of freezing
Missiles
 d - 13 throwing nets
Armour
 c - a +1 helmet (worn)
 j - the +2 robe of the Salmon (worn) {Regen+ rCorr Str+2}
   (You found it on level 2 of the Dungeon)

   Str:       It affects your strength (+2).
   Regen:     It increases your rate of health regeneration.
   rCorr:     It protects you from acid and corrosion.
 y - a +1 pair of gloves (worn)
 z - a +0 cloak (worn)
 H - a +0 pair of boots (worn)
 O - the +0 chain mail "Dosiquv" {rN+ Regen+ rCorr Dex+2}
   (You found it on level 12 of the Dungeon)

   Dex:       It affects your dexterity (+2).
   rN:        It protects you from negative energy.
   Regen:     It increases your rate of health regeneration.
   rCorr:     It protects you from acid and corrosion.
Jewellery
 e - a ring of the Octopus King (left hand) {Fly HP+2 AC+2 EV+2 SH+2}
   (You found it on level 5 of the Lair of Beasts)

   [ring of flight]

   AC:        It affects your AC (+2).
   EV:        It affects your evasion (+2).
   HP:        It affects your health (+2).
   Fly:       It grants you flight.
   SH:        It affects your SH (+2).
 i - an amulet of regeneration
 o - a ring of positive energy
 s - an amulet of reflection (around neck)
 F - a ring of willpower (right hand)
 R - an amulet of magic regeneration
 T - a ring of willpower
 V - a ring of see invisible
Wands
 p - a wand of flame (56)
 r - a wand of digging (4)
 u - a wand of polymorph (12)
 B - a wand of roots (19)
 D - a wand of paralysis (22)
 U - a wand of mindburst (19)
Scrolls
 t - 5 scrolls of teleportation
 v - 3 scrolls of enchant armour
 G - a scroll of silence
 L - a scroll of summoning
 P - a scroll of fog
 Q - a scroll of enchant weapon
 Y - 13 scrolls of identify
 Z - 3 scrolls of revelation
Potions
 f - 12 potions of curing
 g - 5 potions of mutation
 k - 4 potions of lignification
 m - 2 potions of ambrosia
 n - 6 potions of haste
 w - 6 potions of might
 x - 4 potions of magic
 A - a potion of enlightenment
 E - a potion of berserk rage
 J - 2 potions of brilliance
 N - 2 potions of cancellation
 S - 3 potions of heal wounds
Miscellaneous
 X - a phial of floods


   Skills:
 - Level 10.0 Fighting
 - Level 15.0 Polearms
 + Level 14.3 Ranged Weapons
 - Level 2.0 Throwing
 - Level 15.0 Dodging
 - Level 5.0 Stealth
 - Level 9.2 Spellcasting
 - Level 7.1 Summonings
 - Level 5.7 Transmutations
 - Level 9.0 Invocations
 + Level 11.7 Evocations


You had 31 spell levels left.
You knew the following spells:

 Your Spells              Type           Power      Damage    Failure   Level
a - Summon Small Mammal   Summ           64%        N/A       1%          1
b - Wereblood             Tmut           14%        N/A       2%          2

Your spell library contained the following spells:

 Spells                   Type           Power      Damage    Failure   Level
 Passwall                 Tmut/Erth      7%         N/A       8%          2
 Magic Dart               Conj           16%        1d3       16%         1
 Shock                    Conj/Air       16%        1d4       16%         1
 Slow                     Hex            16%        N/A       16%         1
 Cigotuvi's Dreadful Rot  Necr/Pois/Air  8%         N/A       24%         2
 Ensorcelled Hibernation  Hex/Ice        8%         N/A       24%         2
 Poisonous Vapours        Pois/Air       8%         N/A       24%         2
 Mephitic Cloud           Conj/Pois/Air  4%         N/A       43%         3
 Swiftness                Air            4%         N/A       43%         3
 Volatile Blastmotes      Fire/Tloc      8%         2d10      43%         3
 Irradiate                Conj/Tmut      4%         3d13      80%         5
 Airstrike                Air            2%         2d(1-17)  85%         4
 Dispel Undead            Necr           4%         3d7       85%         4
 Olgreb's Toxic Radiance  Pois           4%         N/A       85%         4
 Passage of Golubria      Tloc           4%         N/A       85%         4
 Freezing Cloud           Conj/Ice/Air   2%         6-21      99%         5
 Silence                  Hex/Air        2%         N/A       99%         5
 Conjure Ball Lightning   Conj/Air       2%         3x3d6     100%        6
 Death Channel            Necr           2%         N/A       100%        6
 Discord                  Hex            2%         N/A       100%        8
 Ignition                 Fire           2%         3d3       100%        8
 Lehudib's Crystal Spear  Conj/Erth      2%         10d2      100%        8


Dungeon Overview and Level Annotations

Branches:
Dungeon (14/15)            Temple (1/1) D:4            Lair (5/5) D:11
 Shoals (4/4) Lair:2       Spider (0/4) Lair:2        Slime (0/5) Lair:4
    Orc (2/2) D:10            Elf (0/3) Orc:2        Vaults (0/5) D:13

Altars:
Ashenzari
Cheibriados
Dithmenos
Elyvilon
Fedhas
Gozag
Hepliaklqana
Kikubaaqudgha
Makhleb
Nemelex Xobeh
Okawaru
Qazlal
Ru
Sif Muna
Trog
Uskayaw
Vehumet
Wu Jian
Xom
Yredelemnul
Zin
The Shining One
Jiyva
Lugonu

Shops:
D:4 (   D:5 :=   D:9 *   Orc:2 [(*=[([?[   Shoals:1 ([

Portals:
Abyss: Orc:1
Trove: D:11 (show slimy rune of Zot)

Annotations:
D:7 2 transporters
D:12 1 transporter, BaconRulez's ghost, journeyman TrSh


Innate Abilities, Weirdness & Mutations

Your life essence is reduced to manifest your ancestor. (-10% HP)
((You are very nimble when in or above water. (Stealth+, EV+, Speed+++)))
Your lower body shifts to a powerful aquatic tail in water.
Your flesh is heat resistant. (rF+)


Message History

Unknown command.
Okay, then.
Unknown command.
You shoot a damnation bolt. The damnation bolt hits the sea snake!
You feel a bit better.
You kill the sea snake!
The damnation bolt explodes!
Matia blocks something's attack. x2
The merfolk throws a boomerang.
You block the boomerang with an invisible shield... and reflect it back!
The boomerang hits Matia!
The merfolk aquamancer casts a spell.
The merfolk aquamancer blinks!
Unknown command.
Unknown command.
Unknown command.
Unknown command.
As you read the scroll of teleportation, it crumbles to dust.
You feel strangely unstable.
The merfolk javelineer throws a silver javelin.
The silver javelin pierces through Matia but does no damage.
The silver javelin misses you.
Matia closely misses the merfolk.
Matia barely misses the merfolk.
The merfolk completely misses you.
The merfolk aquamancer points at you and mumbles some strange words.
The ball of steam hits you. You resist.
* * * LOW HITPOINT WARNING * * *
The merfolk hits you but does no damage.
A wind drake comes into view.
Unknown command.
The merfolk aquamancer is engulfed in a cloud of scalding steam.
The merfolk is engulfed in a cloud of scalding steam.
Unknown command.
You howl as the wereblood boils in your veins!
The merfolk aquamancer is engulfed in a cloud of scalding steam.
The merfolk is engulfed in a cloud of scalding steam.
Matia hits the merfolk with a +0 broad axe of flaming!
Matia burns the merfolk!
Matia barely misses something.
Unknown command.
The merfolk aquamancer casts a spell at you.
The shard of ice hits you!!!
You die...

...≈...##.~~~~~~~
~.#.#..##........~≈
#≈.}.≈##~.......~~
~.#.#.~##........~~
...).?.#..........~
#...#..#.........##
#######...~~~....~#
.###~~~~~~~~~....~#
~~~~~~~~~~~~~~..@#
~~~~~~~~~~~~~~~~~#
~~~~~~~~~~~~~~~m~#
~~~~~~~~~~~~§§~~m###
~~~..~~~~~~§§≈≈§~R§#### ##
~~~....~~~~~§≈≈≈§~§##m#.~#)..
.~~...(.~~~~≈≈≈≈~mmmm~mm.....
~~~~....÷~~~≈≈≈≈~~~m~~.......
####......~~≈≈≈≈~~~~~~.......


You could see the friendly Matia the knight, a merfolk aquamancer and 2 merfolk.

Vanquished Creatures
  Jorgrun (Shoals:3)
  Rupert (Lair:3)
  Roxanne (Shoals:1)
  A formless jellyfish (Shoals:3)
  Nessos (D:13)
  A dire elephant (Lair:5)
  11 merfolk impalers
  5 merfolk javelineers
  Josephine (Lair:3)
  4 vault guards
  Erolcha (D:13)
  A catoblepas (Lair:2)
  Harold (D:10)
  3 hydras
  4 merfolk avatars
  An ogre mage (D:12)
  Fannar (D:10)
  3 centaur warriors (D:13)
  Erica (Lair:2)
  3 boulder beetles
  5 merfolk aquamancers
  3 two-headed ogres
  4 satyrs
  5 death yaks
  2 tengu warriors (D:13)
  An orc high priest (Orc:2)
  Nergalle (Lair:3)
  3 skeletal warriors (D:13)
  2 skysharks (Shoals:3)
  A fire crab (Lair:5)
  10 sea snakes
  A shadow wraith (D:12)
  3 orc knights
  10 harpies
  13 fauns
  2 cyclopes (D:13)
  4 ugly things
  2 deep elf pyromancers
  2 orc sorcerers (Orc:2)
  5 manticores
  19 elephants
  4 black mambas
  5 water nymphs
  7 merfolk sirens
  A water nymph (shapeshifter) (D:12)
  A torpor snail (Lair:5)
  4 gargoyles
  10 cane toads
  9 komodo dragons
  A kobold demonologist (D:12)
  A tengu conjurer (D:14)
  2 rime drakes
  34 merfolk
  A queen bee (shapeshifter) (D:12)
  4 polar bears
  6 trolls
  8 wind drakes
  15 blink frogs
  A blink frog (shapeshifter) (D:13)
  A jumping spider (Lair:2)
  7 snapping turtles
  A centaur simulacrum (D:12)
  4 slime creatures (D:12)
  A spriggan (D:8)
  33 yaks
  9 wyverns
  5 wraiths
  4 shadows
  13 water elementals
  A vampire (D:11)
  3 basilisks
  A redback (Lair:2)
  10 vampire mosquitoes
  3 steam dragons (D:8)
  5 wargs
  2 acid dragons
  15 water moccasins
  Duvessa (D:5)
  26 orc warriors
  A black bear (D:5)
  14 wolves
  9 ogres
  9 centaurs
  3 phantoms
  6 kobold brigands
  15 bullfrogs
  2 scorpions
  17 wights
  Dowan (D:5)
  3 killer bees (D:10)
  3 howler monkeys (D:12)
  2 electric eels
  4 hounds
  17 orc priests
  2 gnoll boudas
  5 jellies
  3 iguanas
  24 orc wizards
  Natasha (thrice) (D:2)
  Robin (D:3)
  10 gnolls
  4 adders
  A white imp (D:5)
  3 dart slugs
  89 orcs
  6 ball pythons
  3 bats
  2 bat zombies (D:7)
  5 endoplasms
  5 giant cockroaches
  15 goblins
  5 hobgoblins
  12 jackals
  8 quokkas
  3 frilled lizards
  23 kobolds
  12 rats
  A rat zombie (D:7)
  A lurking horror (Orc:1)
755 creatures vanquished.

Vanquished Creatures (collateral kills)
  An orc warlord (Orc:2)
  A merfolk impaler (Shoals:4)
  A hydra (Lair:2)
  A merfolk aquamancer (Shoals:4)
  A two-headed ogre (D:11)
  A boulder beetle (D:13)
  2 death yaks (Lair:2)
  Urug (Orc:2)
  2 skysharks
  A pharaoh ant (Lair:2)
  4 sea snakes
  A harpy (Shoals:4)
  An orc sorcerer (Orc:1)
  A faun (Shoals:4)
  3 manticores
  A merfolk siren (Shoals:2)
  3 elephants (Lair:5)
  3 komodo dragons
  2 unseen horrors (D:11)
  A rime drake (Lair:5)
  A merfolk (Shoals:3)
  4 blink frogs
  3 wind drakes
  4 snapping turtles
  8 yaks
  A water elemental (Shoals:4)
  2 wyverns
  A basilisk (Lair:2)
  5 orc warriors
  An ice beast (D:8)
  7 wolves
  A centaur (D:13)
  An orc priest (Orc:2)
  2 jellies (Lair:4)
  2 orc wizards
  An orc (D:10)
76 creatures vanquished.

Vanquished Creatures (others)
  A merfolk siren (Shoals:3)
  A cane toad (Lair:5)
  2 merfolk (Shoals:3)
  A shadow (D:11)
  12 knights
  5 ancestors
22 creatures vanquished.

Grand Total: 853 creatures vanquished

Notes
Turn   | Place    | Note
-------+----------+-------------------------------------------
     0 | D:1      | Newt the Merfolk Gladiator began the quest for the Orb.
     0 | D:1      | Reached XP level 1. HP: 16/16 MP: 1/1
   100 | D:1      | Reached XP level 2. HP: 21/24 MP: 2/2
   157 | D:1      | Got The Words of Power for Initiates
   226 | D:1      | Reached skill level 5 in Polearms
   226 | D:1      | Reached XP level 3. HP: 13/29 MP: 3/3
   582 | D:2      | Found a faded altar of an unknown god.
   601 | D:2      | Identified the +2 robe of the Salmon {Regen+ rCorr Str+2}
   691 | D:2      | Noticed Natasha
   706 | D:2      | Killed Natasha
   707 | D:2      | Reached XP level 4. HP: 16/35 MP: 4/4
   987 | D:2      | Noticed Natasha
   995 | D:2      | Killed Natasha
   996 | D:2      | Reached XP level 5. HP: 41/41 MP: 5/5
  1128 | D:2      | Noticed Natasha
  1144 | D:2      | Killed Natasha
  1498 | D:3      | Noticed Robin
  1535 | D:3      | Killed Robin
  1597 | D:3      | Identified the +8 spear of Causality {speed, rElec Str-4
                  | Int+7 SInv}
  1630 | D:3      | Learned a level 1 spell: Summon Small Mammal
  1785 | D:4      | Reached skill level 1 in Summonings
  1785 | D:4      | Reached XP level 6. HP: 47/47 MP: 6/6
  1879 | D:4      | Found a staircase to the Ecumenical Temple.
  1892 | Temple   | Entered the Ecumenical Temple
  1958 | D:4      | Found Benyepn's Antique Weapon Emporium.
  2151 | D:4      | Reached XP level 7. HP: 52/52 MP: 7/7
  2249 | D:4      | Found an iron altar of Okawaru.
  2530 | D:5      | Entered Level 5 of the Dungeon
  2618 | D:5      | Reached skill level 5 in Summonings
  2707 | D:5      | Noticed Duvessa
  2707 | D:5      | Noticed Dowan
  2722 | D:5      | Killed Duvessa
  2735 | D:5      | Killed Dowan
  3000 | D:5      | Found Buxumnot's Book Boutique.
  3000 | D:5      | Found Akeaqenu's Jewellery Boutique.
  3041 | D:5      | Reached XP level 8. HP: 58/58 MP: 8/8
  3618 | D:6      | Reached skill level 5 in Fighting
  3658 | D:6      | Found a sparkling altar of Nemelex Xobeh.
  3764 | D:6      | Found a glowing silver altar of Zin.
  3935 | D:6      | Reached skill level 5 in Dodging
  4199 | D:6      | Reached XP level 9. HP: 60/69 MP: 9/9
  4213 | D:6      | Reached skill level 1 in Evocations
  4556 | D:7      | Noticed a hornet
  4576 | D:7      | Found a transporter.
  4581 | D:7      | Found a transporter.
  4623 | D:7      | Found an ancient bone altar of Kikubaaqudgha.
  4686 | D:7      | Found a broken altar of Ashenzari.
  4710 | D:7      | Found a white marble altar of Elyvilon.
  4751 | D:7      | Found a shadowy altar of Dithmenos.
  5152 | D:8      | Reached skill level 5 in Evocations
  5161 | D:8      | Gained mutation: You have hidden genetic defects. [potion
                  | of mutation]
  5161 | D:8      | Gained mutation: Armour fits poorly on your strangely
                  | shaped body. [potion of mutation]
  5162 | D:8      | Lost mutation: Armour fits poorly on your strangely shaped
                  | body. [potion of mutation]
  5162 | D:8      | Lost mutation: You have hidden genetic defects. [potion of
                  | mutation]
  5162 | D:8      | Gained mutation: You occasionally lose the ability to read
                  | scrolls when taking damage. [potion of mutation]
  5162 | D:8      | Gained mutation: You have supernaturally acute eyesight.
                  | (SInv) [potion of mutation]
  5291 | D:8      | Reached skill level 10 in Polearms
  5393 | D:8      | Reached XP level 10. HP: 76/76 MP: 10/10
  5505 | D:8      | Found a snail-covered altar of Cheibriados.
  5590 | D:9      | Found Cewoy's Assorted Antiques.
  5594 | D:9      | Bought a scroll of identify for 58 gold pieces
  5645 | D:9      | Reached skill level 1 in Stealth
  5768 | D:9      | Found an opulent altar of Gozag.
  5817 | D:9      | Found a hazy altar of Hepliaklqana.
  5828 | D:9      | Became a worshipper of Hepliaklqana the Forgotten
  5951 | D:9      | Reached skill level 5 in Stealth
  6462 | D:10     | Entered Level 10 of the Dungeon
  6462 | D:10     | Noticed Harold
  6487 | D:10     | Killed Harold
  6774 | D:10     | Reached * piety under Hepliaklqana
  6838 | D:10     | Found a sacrificial altar of Ru.
  6839 | D:10     | Found a burning altar of Makhleb.
  6839 | D:10     | Found a shimmering blue altar of Sif Muna.
  6867 | D:10     | Reached XP level 11. HP: 72/72 MP: 11/11
  6921 | D:10     | Reached skill level 15 in Polearms
  6925 | D:10     | Noticed Fannar
  6965 | D:10     | Killed Fannar
  6990 | D:10     | Found a basalt altar of Yredelemnul.
  7139 | D:10     | Found a staircase to the Orcish Mines.
  7419 | D:11     | Noticed a two-headed ogre
  7428 | D:11     | Killed a two-headed ogre
  7554 | D:11     | Found a staircase to the Lair.
  7659 | D:11     | Noticed a two-headed ogre
  7690 | D:11     | Killed a two-headed ogre
  7717 | D:11     | Noticed a cyan ugly thing
  7744 | D:11     | HP: 3/75 [centaur/arrow (4)]
  7884 | D:11     | Noticed a two-headed ogre
  7913 | D:11     | Killed a two-headed ogre
  8113 | D:11     | Reached ** piety under Hepliaklqana
  8114 | D:11     | Remembered your ancestor Matia as a knight
  8137 | D:11     | Reached XP level 12. HP: 85/85 MP: 12/12
  8175 | D:11     | Noticed a boulder beetle
  8255 | D:11     | Killed a boulder beetle
  8320 | D:11     | Reached skill level 10 in Fighting
  8398 | D:11     | Found a portal to a secret trove of treasure.
  8765 | D:12     | Noticed a two-headed ogre
  8768 | D:12     | Noticed BaconRulez's ghost (journeyman TrSh)
  8768 | D:12     | Noticed a two-headed ogre
  8778 | D:12     | Found a transporter.
  8785 | D:12     | Noticed a boulder beetle
  8786 | D:12     | Identified the +0 chain mail "Dosiquv" {rN+ Regen+ rCorr
                  | Dex+2}
  8817 | D:12     | Killed a boulder beetle
  8864 | D:12     | Noticed an ettin
  8866 | D:12     | Noticed a two-headed ogre
  8868 | D:12     | Noticed a two-headed ogre
  8869 | D:12     | Noticed a two-headed ogre
  8877 | D:12     | Killed a two-headed ogre
  8886 | D:12     | Noticed a boulder beetle
  8925 | D:12     | Killed a boulder beetle
  8926 | D:12     | Reached skill level 10 in Dodging
  9181 | D:12     | Noticed an ogre mage
  9212 | D:12     | Killed an ogre mage
  9337 | D:12     | Identified the +6 falchion of the Snake Pit {flame, rN++
                  | MP-9 Str+2}
  9381 | D:12     | Lost mutation: You occasionally lose the ability to read
                  | scrolls when taking damage. [potion of mutation]
  9381 | D:12     | Lost mutation: You have supernaturally acute eyesight.
                  | (SInv) [potion of mutation]
  9381 | D:12     | Gained mutation: Your flesh is heat resistant. (rF+)
                  | [potion of mutation]
  9570 | D:12     | Reached skill level 5 in Spellcasting
  9575 | D:12     | Reached XP level 13. HP: 69/92 MP: 20/20
  9788 | D:13     | Noticed Erolcha
  9796 | D:13     | Killed Erolcha
 10197 | D:13     | Noticed Nessos
 10377 | D:13     | Reached *** piety under Hepliaklqana
 10504 | D:13     | Noticed a vault guard
 10505 | D:13     | Noticed a vault guard
 10516 | D:13     | Killed Nessos
 10520 | D:13     | Noticed a vault guard
 10579 | D:14     | Killed a vault guard
 10756 | D:14     | Found the +6 arbalest "Damnation" {damnation}
 10834 | D:14     | Reached skill level 1 in Ranged Weapons
 11045 | D:13     | Killed a vault guard
 11058 | D:13     | Noticed a vault guard
 11064 | D:13     | Killed a vault guard
 11065 | D:13     | Killed a vault guard
 11678 | D:13     | Reached skill level 5 in Ranged Weapons
 11683 | D:13     | Found a gate to the Vaults.
 11949 | Lair:1   | Entered Level 1 of the Lair of Beasts
 11952 | Lair:1   | Reached XP level 14. HP: 99/99 MP: 27/27
 12491 | Lair:2   | Noticed Erica
 12572 | Lair:2   | Found a staircase to the Shoals.
 12601 | Lair:2   | Killed Erica
 12867 | Lair:2   | Identified the +3 broad axe "Udaur" {flame, rC+}
 12898 | Lair:2   | Found a hole to the Spider Nest.
 13043 | Lair:2   | Reached **** piety under Hepliaklqana
 13810 | Lair:3   | Reached skill level 10 in Ranged Weapons
 13811 | Lair:3   | Noticed Josephine
 13813 | Lair:3   | Killed Josephine
 13928 | Lair:3   | Noticed Nergalle
 13930 | Lair:3   | Noticed Rupert
 13936 | Lair:3   | Killed Nergalle
 13944 | Lair:3   | Killed Rupert
 14228 | Lair:3   | You fall into a shaft and drop 2 floors!
 14228 | Lair:5   | Entered Level 5 of the Lair of Beasts
 14270 | Lair:5   | Reached XP level 15. HP: 103/103 MP: 28/28
 14959 | Lair:5   | Found the ring of the Octopus King
 14968 | Lair:5   | Identified a ring of the Octopus King {Fly HP+2 AC+2 EV+2
                  | SH+2}
 15050 | Lair:5   | Learned a level 2 spell: Wereblood
 15178 | Lair:4   | Reached ***** piety under Hepliaklqana
 15184 | Lair:4   | Reached skill level 1 in Transmutations
 15219 | Lair:4   | Found a staircase to the Slime Pits.
 15228 | Lair:4   | Found a viscous altar of Jiyva.
 15418 | Lair:4   | Reached skill level 5 in Transmutations
 16256 | Orc:1    | Entered Level 1 of the Orcish Mines
 16292 | Orc:1    | Reached skill level 1 in Invocations
 16343 | Orc:1    | Found a corrupted altar of Lugonu.
 16343 | Orc:1    | Found a one-way gate to the infinite horrors of the Abyss.
 16403 | Orc:1    | You are sucked into a shaft and drop 1 floor!
 16403 | Orc:2    | Entered Level 2 of the Orcish Mines
 16403 | Orc:2    | Found Wugiroaw's Antique Armour Shoppe.
 16599 | Orc:2    | Noticed Urug
 16605 | Orc:2    | Killed Urug
 16610 | Orc:2    | Reached skill level 5 in Invocations
 16615 | Orc:2    | Noticed an orc warlord
 16619 | Orc:2    | Killed an orc warlord
 16664 | Orc:2    | Found Impiddo's Antique Weapon Shop.
 16674 | Orc:2    | Bought a jewelled shortbow for 208 gold pieces
 16674 | Orc:2    | Identified the +0 shortbow of Bebiminn {drain, MP+9} (You
                  | bought it in a shop on level 2 of the Orcish Mines)
 16707 | Orc:2    | Found a transporter.
 16711 | Orc:2    | Found Kyazuf's Magic Scroll Emporium.
 16763 | Orc:2    | Found a transporter.
 16883 | Orc:2    | Found Yvveoxt's Armour Shop.
 16895 | Orc:2    | Found Hucauxe's Jewellery Shop.
 16901 | Orc:2    | Bought an amulet of reflection for 480 gold pieces
 16939 | Orc:2    | Found Biliw's Weapon Shoppe.
 16976 | Orc:2    | Found a staircase to the Elven Halls.
 16978 | Orc:2    | Found Jiar's Antique Armour Shoppe.
 16991 | Orc:2    | Bought a faintly glowing leather armour for 252 gold pieces
 16991 | Orc:2    | Identified the +2 leather armour of Reason {Dex+2} (You
                  | bought it in a shop on level 2 of the Orcish Mines)
 17060 | Orc:2    | Found Tingyqaps's General Store.
 17066 | Orc:2    | Bought a scroll of identify for 26 gold pieces
 17074 | Orc:2    | Found Mufien's Antique Armour Shop.
 17222 | Orc:2    | Bought a scroll of identify for 28 gold pieces
 17222 | Orc:2    | Bought a scroll of teleportation for 42 gold pieces
 17222 | Orc:2    | Bought a scroll of teleportation for 42 gold pieces
 17222 | Orc:2    | Bought a scroll of teleportation for 42 gold pieces
 17222 | Orc:2    | Bought a scroll of silence for 133 gold pieces
 17580 | Shoals:1 | Entered Level 1 of the Shoals
 17588 | Shoals:1 | Reached XP level 16. HP: 109/109 MP: 29/29
 17844 | Shoals:1 | Found Goitalyu's Armour Shop.
 17891 | Shoals:1 | Noticed Roxanne
 17895 | Shoals:1 | Found Ydotaky's Antique Weapon Boutique.
 17900 | Shoals:1 | Killed Roxanne
 18045 | Shoals:1 | Bought a translucent sling for 188 gold pieces
 18045 | Shoals:1 | Identified the +2 sling "Dutzu" {heavy, Dex+2} (You bought
                  | it in a shop on level 1 of the Shoals)
 18388 | Shoals:1 | Reached ****** piety under Hepliaklqana
 18402 | Shoals:1 | Got the Folio of Electrocution and Space
 19194 | Shoals:2 | Reached skill level 15 in Dodging
 20236 | Shoals:3 | Noticed Jorgrun
 20241 | Shoals:3 | Killed Jorgrun
 20258 | Shoals:4 | Entered Level 4 of the Shoals
 20311 | Shoals:3 | Reached skill level 10 in Evocations
 20532 | Shoals:3 | Reached XP level 17. HP: 115/115 MP: 30/30
 22118 | Shoals:4 | Killed from afar by a merfolk aquamancer

Illustrated notes

Levels and vault maps discovered:
D:1:      psy_arrival_fountain, layout_rooms
D:2:      layout_rooms, chequers_ecumenical_altar_island,
          minmay_rat_gold_closets, uniq_natasha
D:3:      layout_rooms, minmay_fractal_squares_gapless_5, uniq_robin
D:4:      wander_river, layout_basic, okawaru_gym_becter,
          minmay_temple_entry_glassed_door, nicolae_inconvenience_store
D:5:      layout_gridville, serial_shops, shop, shop, uniq_duvessa
D:6:      minmay_evil_eye, layout_loops_corners,
          mainiacjoe_overflow_catch_the_wave
D:7:      layout_rooms, mainiacjoe_overflow_alcove_4,
          nicolae_dithmenos_shadow_blocks, lemuel_zombie_altar_kikubaaqudgha,
          elyvilon_altar_5, gammafunk_ghost_hive
D:8:      layout_rooms, kennysheep_mini_moat, the_hattery
D:9:      layout_irregular_city, mainiacjoe_overflow_cross_hatched,
          kennysheep_mini, serial_shops, nicolae_shop_hallway_stairs
D:10:     layout_loops_cross, kennysheep_little_box,
          chequers_temple_overflow_statue_of_worship, hiddenorc2_lemuel,
          uniq_fannar, uniq_harold
D:11:     layout_stronghold, minmay_lair_entry_grove,
          nicolae_trove_entry_diagonal
D:12:     evilmike_horseshoe, layout_rooms, gammafunk_ghost_smash, serial_glass,
          glass_columns_c, glass_columns_b, nooodl_orcs_dogs
D:13:     layout_roguey, lightli_vaults_fourway_checkpoint, uniq_nessos,
          uniq_erolcha
D:14:     layout_basic
Temple:   hellmonk_temple_of_storms
Lair:1:   layout_gridlike, cheibrodos_lair_reptile_den,
          infiniplex_staircase_pool
Lair:2:   cheibrodos_lair_river_kwai, layout_cave_pods,
          nicolae_shoals_entry_roost, nicolae_spider_entry_lesser_pyramids,
          grunt_megastairs_5, infiniplex_staircase_pool_2, uniq_erica
Lair:3:   layout_gridlike, uniq_rupert, uniq_josephine, uniq_nergalle
Lair:4:   layout_gridlike, nicolae_slime_entry_field_trip, minivault_27,
          grunt_megastairs_2
Lair:5:   gammafunk_lair_ancient_temple, layout_long_grid
Shoals:1: layout_shoals, serial_shops, shop, nicolae_take_the_stairs,
          uniq_roxanne
Shoals:2: layout_shoals
Shoals:3: layout_shoals, st_sunken_huts, uniq_jorgrun
Shoals:4: shoals_end_grunt_ice, layout_shoals
Orc:1:    layout_caves, abandoned_shop, amcnicky_altar_lugonu_corruption
Orc:2:    grunt_orc_cross, layout_caves, serial_shops,
          nicolae_shop_just_a_little_nook, nicolae_shop_just_a_little_nook,
          nicolae_shop_drivethru, shop, nicolae_shop_advertising_works
          [nicolae_subvault_shop_adworks]

Skill      XL: |  1  2  3  4  5  6  7  8  9 10 11 12 13 14 15 16 17 |
---------------+----------------------------------------------------+-----
Fighting       | 3 6 9 10 | 10.0
Polearms       | 5 6 8 11 14 15 | 15.0
Summonings     | 1 3 6 7 |  7.1
Dodging        | 6 7 12 15 | 15.0
Evocations     | 5 9 10 11 | 11.7
Stealth        | 5 |  5.0
Spellcasting   | 5 9 |  9.2
Ranged Weapons | 5 11 13 14 | 14.3
Transmutations | 5 |  5.7
Invocations    | 6 9 |  9.0
Throwing       | |  2.0

Action                     |  1- 3 |  4- 6 |  7- 9 | 10-12 | 13-15 | 16-18 || total
---------------------------+-------+-------+-------+-------+-------+-------++-------
  Melee: Trident           |   100 |   136 |       |       |       |       ||   236
         Punch             |     2 |     1 |     3 |    16 |     4 |       ||    26
         Spear             |       |    38 |   358 |  1017 |   324 |       ||  1737
         Tailslap          |       |       |       |     9 |       |       ||     9
   Fire: Arbalest          |       |       |       |       |   545 |   429 ||   974
  Throw: Throwing net      |       |       |       |     1 |     7 |     3 ||    11
   Cast: Summon Small Mamm |       |       |    18 |    38 |     5 |       ||    61
         Wereblood         |       |       |       |       |    13 |     1 ||    14
 Invoke: Ancestor Life: Kn |       |       |       |     1 |       |       ||     1
         Recall Ancestor   |       |       |       |       |     6 |    12 ||    18
  Evoke: Wand              |       |       |       |     1 |     6 |       ||     7
    Use: Scroll            |       |     8 |     3 |     8 |     9 |     5 ||    33
         Potion            |       |       |     3 |     5 |     1 |     5 ||    14
   Stab: Sleeping          |     1 |    10 |     1 |     8 |       |       ||    20
         Distracted        |       |     1 |     3 |     9 |     1 |       ||    14
         Paralysed         |       |       |       |       |    19 |       ||    19
         Held in net/web   |       |       |       |       |     8 |       ||     8
 Armour: Leather armour    |    16 |       |       |       |       |       ||    16
         Robe              |     4 |    32 |    29 |    71 |    17 |    26 ||   179
         Chain mail        |       |       |       |    16 |    88 |       ||   104
  Dodge: Dodged            |    72 |    97 |   100 |   191 |   178 |   210 ||   848
  Block: Other             |       |       |       |       |     4 |    61 ||    65
         Reflection        |       |       |       |       |       |    10 ||    10

Table legend: (Time is in decaauts)
 A = Elapsed time spent in this place.
 B = Non-inter-level travel time spent in this place.
 C = Inter-level travel time spent in this place.
 D = Time resting spent in this place.
 E = Time spent auto-exploring this place.
 F = Levels seen in this place.
 G = Mean time per level.
                   A        B        C        D        E       F      G
               +--------+--------+--------+--------+--------+-----+--------+
         Total |  20729 |  19575 |   1154 |   3741 |  11809 |  26 |  797.3 |
       Dungeon |  10975 |  10430 |    545 |   1725 |   6481 |  14 |  783.9 |
        Temple |      1 |      0 |      1 |      0 |      0 |   1 |    1.0 |
          Lair |   4419 |   4170 |    249 |    541 |   2845 |   5 |  883.8 |
        Shoals |   4082 |   3848 |    234 |   1474 |   1591 |   4 | 1020.5 |
  Orcish Mines |   1251 |   1128 |    123 |      0 |    891 |   2 |  625.5 |
               +--------+--------+--------+--------+--------+-----+--------+

Top non-repeatable levels by time:
Shoals:3: 1672 daAuts
  Lair:2: 1434 daAuts
    D:13: 1355 daAuts
    D:11: 1166 daAuts
Shoals:1: 1106 daAuts
     D:6: 987 daAuts
  Lair:5: 942 daAuts
     D:5: 878 daAuts
    D:12: 868 daAuts
   Orc:2: 865 daAuts
    D:10: 825 daAuts
  Lair:3: 803 daAuts
Shoals:2: 796 daAuts
     D:4: 773 daAuts
     D:9: 757 daAuts
